| TOP OF THE 1ST |
|
Rochester Red Wings batting - Pitching for Charlotte Knights : LHP Joel Beery
|
|
Pitching: LHP Joel Beery
|
|
|
Batting: SHB Manny Molina
|
0-0: Called Strike 0-1: Fly out, F8 (Flyball, 8LXD, EV 105.0 MPH)
|
|
Batting: SHB Ian Thompson
|
0-0: Ball 1-0: Ground out 6-3 (Groundball, 6, EV 87.5 MPH)
|
|
Batting: RHB Leo Gonzalez
|
0-0: Foul Ball, location: 2F 0-1: Ball 1-1: Ground out 6-3 (Groundball, 6M, EV 95.0 MPH)
|
| Top of the 1st over - 0 runs, 0 hits, 0 errors, 0 left on base; Rochester 0 - Charlotte 0 |
| BOTTOM OF THE 1ST |
|
Charlotte Knights batting - Pitching for Rochester Red Wings : LHP David Gordon
|
|
Pitching: LHP David Gordon
|
|
|
Batting: SHB Ruben Velasco Jr.
|
0-0: Fly out, F7 (Flyball, 78M, EV 90.6 MPH)
|
|
Batting: RHB Josiah Wright
|
0-0: Ball 1-0: Ground out U3 (Groundball, 34, EV 109.4 MPH)
|
|
Batting: RHB Chris Cooper
|
0-0: Ball 1-0: Foul Ball, location: 2F 1-1: Ball 2-1: Foul Ball, location: 2F 2-2: Foul Ball, location: 2F 2-2: Strikes out swinging
|
| Bottom of the 1st over - 0 runs, 0 hits, 0 errors, 0 left on base; Rochester 0 - Charlotte 0 |
| TOP OF THE 2ND |
|
Rochester Red Wings batting - Pitching for Charlotte Knights : LHP Joel Beery
|
|
Batting: RHB Colin Boddy
|
0-0: Foul Ball, location: 2F 0-1: Ball 1-1: Foul Ball, location: 2F 1-2: Strikes out swinging
|
|
Batting: LHB Jon Ventura
|
0-0: Called Strike 0-1: Ball 1-1: Ball 2-1: Foul Ball, location: 2F 2-2: Foul Ball, location: 2F 2-2: Foul Ball, location: 2F 2-2: Ball 3-2: Ground out 4-3 (Groundball, 4, EV 103.1 MPH)
|
|
Batting: LHB Chaim Huting
|
0-0: Called Strike 0-1: Ball 1-1: SINGLE (Groundball, 6M, EV 103.1 MPH) (infield hit)
|
|
Batting: RHB Jason Gee
|
0-0: Called Strike 0-1: Foul Ball, location: 2F 0-2: Ball 1-2: Fielders Choice at 2nd, 6-4 (Groundball, 6, EV 83.1 MPH)
|
| Top of the 2nd over - 0 runs, 1 hit, 0 errors, 1 left on base; Rochester 0 - Charlotte 0 |
| BOTTOM OF THE 2ND |
|
Charlotte Knights batting - Pitching for Rochester Red Wings : LHP David Gordon
|
|
Batting: RHB Micah Brown
|
0-0: Ground out 4-3 (Groundball, 4S, EV 81.9 MPH)
|
|
Batting: RHB Mike Warzecha
|
0-0: Ball 1-0: Reached on error, E3 (Groundball, 34, EV 88.1 MPH)
|
|
Batting: LHB Justin Stickney
|
0-0: Ball 1-0: Called Strike 1-1: Ball 2-1: Foul Ball, location: 2F 2-2: Ball Wild Pitch! Mike Warzecha to second 3-2: Strikes out looking
|
|
Batting: RHB Jeremy Hoffert
|
0-0: Ball 1-0: Called Strike 1-1: Swinging Strike 1-2: Strikes out swinging
|
| Bottom of the 2nd over - 0 runs, 0 hits, 1 error, 1 left on base; Rochester 0 - Charlotte 0 |
| TOP OF THE 3RD |
|
Rochester Red Wings batting - Pitching for Charlotte Knights : LHP Joel Beery
|
|
Batting: RHB Pedro Pinero
|
0-0: Ball 1-0: Called Strike 1-1: Ball 2-1: Called Strike 2-2: Ball 3-2: Strikes out looking
|
|
Batting: LHB Tyler Allen
|
0-0: Ball 1-0: Ball 2-0: Called Strike 2-1: Ball 3-1: Swinging Strike 3-2: Ground out 4-3 (Groundball, 4, EV 90.0 MPH)
|
|
Batting: SHB Manny Molina
|
0-0: Ball 1-0: DOUBLE (Line Drive, 5D, EV 98.1 MPH)
|
|
Batting: SHB Ian Thompson
|
0-0: Swinging Strike 0-1: Ball 1-1: Ground out 6-3 (Groundball, P, EV 81.9 MPH)
|
| Top of the 3rd over - 0 runs, 1 hit, 0 errors, 1 left on base; Rochester 0 - Charlotte 0 |
| BOTTOM OF THE 3RD |
|
Charlotte Knights batting - Pitching for Rochester Red Wings : LHP David Gordon
|
|
Batting: SHB Josh Conner
|
0-0: Ball 1-0: Swinging Strike 1-1: Called Strike 1-2: Foul Ball, location: 2F 1-2: Ball 2-2: Foul Ball, location: 2F 2-2: Strikes out swinging
|
|
Batting: RHB Steve Waltenbery
|
0-0: Called Strike 0-1: Ball 1-1: Ball 2-1: Swinging Strike 2-2: Ground out 5-3 (Groundball, 5, EV 86.9 MPH)
|
|
Batting: SHB Ruben Velasco Jr.
|
0-0: Ball 1-0: Called Strike 1-1: Called Strike 1-2: Strikes out swinging
|
| Bottom of the 3rd over - 0 runs, 0 hits, 0 errors, 0 left on base; Rochester 0 - Charlotte 0 |
| TOP OF THE 4TH |
|
Rochester Red Wings batting - Pitching for Charlotte Knights : LHP Joel Beery
|
|
Batting: RHB Leo Gonzalez
|
0-0: Foul Ball, location: 2F 0-1: Ball 1-1: Ball 2-1: Called Strike 2-2: Foul Ball, location: 2F 2-2: SINGLE (Groundball, 34D, EV 95.6 MPH)
|
|
Batting: RHB Colin Boddy
|
0-0: Foul Ball, location: 2F 0-1: Swinging Strike 0-2: Ball 1-2: Grounds into double play, 4-6-3 (Groundball, 4, EV 86.2 MPH)
|
|
Batting: LHB Jon Ventura
|
0-0: Ball 1-0: Ball 2-0: Called Strike 2-1: Ball 3-1: Ground out 5-3 (Groundball, 5, EV 107.5 MPH)
|
| Top of the 4th over - 0 runs, 1 hit, 0 errors, 0 left on base; Rochester 0 - Charlotte 0 |
| BOTTOM OF THE 4TH |
|
Charlotte Knights batting - Pitching for Rochester Red Wings : LHP David Gordon
|
|
Batting: RHB Josiah Wright
|
0-0: Called Strike 0-1: Ball 1-1: Ball 2-1: Foul Ball, location: 2F 2-2: Ball 3-2: Base on Balls
|
|
Batting: RHB Chris Cooper
|
0-0: Called Strike 0-1: Called Strike Josiah Wright steals 2nd base 0-2: 2-RUN HOME RUN (Flyball, 89XD, EV 96.2 MPH), Distance : 387 ft
|
|
Batting: RHB Micah Brown
|
0-0: Ball 1-0: Called Strike 1-1: Ball 2-1: Ball 3-1: Base on Balls
|
|
Batting: RHB Mike Warzecha
|
0-0: Swinging Strike 0-1: Foul Ball, location: 2F 0-2: Grounds into double play, 6-4-3 (Groundball, 6, EV 88.1 MPH)
|
|
Batting: LHB Justin Stickney
|
0-0: Ball 1-0: Foul Ball, location: 2F 1-1: Ball 2-1: Fly out, F5 (Popup, 6S, EV 65.6 MPH)
|
| Bottom of the 4th over - 2 runs, 1 hit, 0 errors, 0 left on base; Rochester 0 - Charlotte 2 |
| TOP OF THE 5TH |
|
Rochester Red Wings batting - Pitching for Charlotte Knights : LHP Joel Beery
|
|
Batting: LHB Chaim Huting
|
0-0: Foul Ball, location: 2F 0-1: Fly out, F8 (Line Drive, 8RM, EV 108.1 MPH)
|
|
Batting: RHB Jason Gee
|
0-0: Ball 1-0: SINGLE (Groundball, 6MD, EV 94.4 MPH)
|
|
Batting: RHB Pedro Pinero
|
0-0: Ball 1-0: Ground out 4-3 (Groundball, 34, EV 92.5 MPH) Jason Gee to second
|
|
Batting: LHB Tyler Allen
|
0-0: Called Strike 0-1: Ground out 4-3 (Groundball, 4, EV 78.8 MPH)
|
| Top of the 5th over - 0 runs, 1 hit, 0 errors, 1 left on base; Rochester 0 - Charlotte 2 |
| BOTTOM OF THE 5TH |
|
Charlotte Knights batting - Pitching for Rochester Red Wings : LHP David Gordon
|
|
Batting: RHB Jeremy Hoffert
|
0-0: Called Strike 0-1: Swinging Strike 0-2: Ball 1-2: Fly out, F8 (Flyball, 8RM, EV 96.2 MPH)
|
|
Batting: SHB Josh Conner
|
0-0: Foul Ball, location: 2F 0-1: Ball 1-1: Ground out 6-3 (Groundball, 56, EV 85.6 MPH)
|
|
Batting: RHB Steve Waltenbery
|
0-0: Fly out, F7 (Flyball, 7, EV 83.8 MPH)
|
| Bottom of the 5th over - 0 runs, 0 hits, 0 errors, 0 left on base; Rochester 0 - Charlotte 2 |
| TOP OF THE 6TH |
|
Rochester Red Wings batting - Pitching for Charlotte Knights : LHP Joel Beery
|
|
Batting: SHB Manny Molina
|
0-0: Ball 1-0: SINGLE (Groundball, 6MD, EV 97.5 MPH)
|
|
Batting: SHB Ian Thompson
|
0-0: Ball 1-0: Called Strike Manny Molina is caught stealing 2nd base 2-4 1-1: Ball 2-1: Foul Ball, location: 2F 2-2: Foul Ball, location: 2F 2-2: Ball 3-2: Strikes out looking
|
|
Batting: RHB Leo Gonzalez
|
0-0: Foul Ball, location: 2F 0-1: Ball 1-1: Foul Ball, location: 2F 1-2: Strikes out looking
|
| Top of the 6th over - 0 runs, 1 hit, 0 errors, 0 left on base; Rochester 0 - Charlotte 2 |
| BOTTOM OF THE 6TH |
|
Charlotte Knights batting - Pitching for Rochester Red Wings : LHP David Gordon
|
|
Batting: SHB Ruben Velasco Jr.
|
0-0: Called Strike 0-1: Foul Ball, location: 2F 0-2: Ball 1-2: SINGLE (Flyball, 7S, EV 93.1 MPH)
|
|
Batting: RHB Josiah Wright
|
0-0: Foul Ball, location: 2F 0-1: Swinging Strike 0-2: Ball 1-2: Foul Ball, location: 2F 1-2: Ball 2-2: Strikes out looking
|
|
Batting: RHB Chris Cooper
|
0-0: Called Strike 0-1: Swinging Strike 0-2: Ball 1-2: Foul Ball, location: 2F 1-2: Grounds into double play, 5-4-3 (Groundball, 56, EV 80.0 MPH)
|
| Bottom of the 6th over - 0 runs, 1 hit, 0 errors, 0 left on base; Rochester 0 - Charlotte 2 |
| TOP OF THE 7TH |
|
Rochester Red Wings batting - Pitching for Charlotte Knights : LHP Joel Beery
|
|
Now at 2B: Steve Waltenbery
|
|
|
Now at SS: John Iddings
|
|
|
Now in LF: Chris Cooper
|
|
|
Now in CF: Jeremy Hoffert
|
|
|
Now in RF: Kikuo Sato
|
|
|
Batting: RHB Colin Boddy
|
0-0: Ball 1-0: Ball 2-0: Ground out 1-3 (Groundball, 13S, EV 63.8 MPH)
|
|
Batting: LHB Jon Ventura
|
0-0: Swinging Strike 0-1: Ball 1-1: Called Strike 1-2: Reached on error, E6 (Groundball, 6, EV 106.2 MPH)
|
|
Batting: LHB Chaim Huting
|
0-0: Called Strike Jon Ventura steals 2nd base 0-1: Ball 1-1: Ball 2-1: Foul Ball, location: 2F 2-2: Ball 3-2: Foul Ball, location: 2F 3-2: Fly out, F9 (Flyball, 9LM, EV 91.9 MPH)
|
|
Batting: RHB Jason Gee
|
0-0: Ball 1-0: Swinging Strike 1-1: Foul Ball, location: 2F 1-2: Strikes out swinging
|
| Top of the 7th over - 0 runs, 0 hits, 1 error, 1 left on base; Rochester 0 - Charlotte 2 |
| BOTTOM OF THE 7TH |
|
Charlotte Knights batting - Pitching for Rochester Red Wings : LHP David Gordon
|
|
Batting: RHB Micah Brown
|
0-0: Ground out 3-1 (Groundball, 34, EV 84.4 MPH)
|
|
Batting: RHB Mike Warzecha
|
0-0: Ball 1-0: SINGLE (Groundball, 56D, EV 95.6 MPH)
|
|
Batting: LHB Justin Stickney
|
0-0: Ball 1-0: Foul Ball, location: 2F 1-1: SINGLE (Line Drive, 89M, EV 105.6 MPH) Mike Warzecha to second
|
|
Batting: RHB Jeremy Hoffert
|
0-0: Ball 1-0: Fly out, F6 (Popup, 6D, EV 71.2 MPH)
|
|
Batting: SHB Josh Conner
|
0-0: Ball 1-0: Foul Ball, location: 2F 1-1: Foul Ball, location: 2F 1-2: Ball 2-2: Foul Ball, location: 2F 2-2: SINGLE (Groundball, 56D, EV 97.5 MPH) Mike Warzecha to third Justin Stickney to second Runner from 3rd tries for Home, throw by LF and OUT! 7-2
|
| Bottom of the 7th over - 0 runs, 3 hits, 0 errors, 2 left on base; Rochester 0 - Charlotte 2 |
| TOP OF THE 8TH |
|
Rochester Red Wings batting - Pitching for Charlotte Knights : LHP Joel Beery
|
|
Now at 1B: Olaf Zoeteman
|
|
|
Now in CF: Kikuo Sato
|
|
|
Now in RF: John Thurman
|
|
|
Batting: RHB Pedro Pinero
|
0-0: SINGLE (Groundball, 4MD, EV 95.0 MPH)
|
|
Batting: LHB Tyler Allen
|
0-0: Ball 1-0: Ball 2-0: SINGLE (Groundball, 6D, EV 97.5 MPH) Pedro Pinero to second
|
|
Pitching: RHP Chris Worster
|
|
|
Batting: SHB Manny Molina
|
0-0: Bunt missed! 0-1: Bunted foul 0-2: Ball 1-2: Ball 2-2: Foul Ball, location: 2F 2-2: Foul Ball, location: 2F 2-2: Ball 3-2: Base on Balls Pedro Pinero to third Tyler Allen to second
|
|
Batting: SHB Ian Thompson
|
0-0: SINGLE (Line Drive, 4MD, EV 100.6 MPH) Pedro Pinero scores Tyler Allen to third Manny Molina to second
|
|
Batting: RHB Leo Gonzalez
|
0-0: Ball 1-0: Foul Ball, location: 2F 1-1: Swinging Strike 1-2: Ball 2-2: Strikes out swinging
|
|
Batting: RHB Colin Boddy
|
0-0: Foul Ball, location: 2F 0-1: Foul Ball, location: 2F 0-2: Foul Ball, location: 2F 0-2: Ball 1-2: Ball 2-2: Strikes out swinging
|
|
Batting: LHB Jon Ventura
|
0-0: Fly out, F8 (Line Drive, 8LD, EV 98.1 MPH)
|
| Top of the 8th over - 1 run, 3 hits, 0 errors, 3 left on base; Rochester 1 - Charlotte 2 |
| BOTTOM OF THE 8TH |
|
Charlotte Knights batting - Pitching for Rochester Red Wings : LHP David Gordon
|
|
Batting: RHB Steve Waltenbery
|
0-0: SINGLE (Groundball, 6MD, EV 103.1 MPH)
|
|
Batting: RHB Kikuo Sato
|
0-0: Ball 1-0: Ball 2-0: Ball 3-0: Called Strike 3-1: Foul Ball, location: 2F 3-2: Strikes out swinging Steve Waltenbery is caught stealing 2nd base 2-4 Batter strikes out.
|
|
Pitching: LHP Brian Walters
|
|
|
Batting: RHB John Iddings
|
0-0: Ground out 6-3 (Groundball, 6, EV 90.0 MPH)
|
| Bottom of the 8th over - 0 runs, 1 hit, 0 errors, 0 left on base; Rochester 1 - Charlotte 2 |
| TOP OF THE 9TH |
|
Rochester Red Wings batting - Pitching for Charlotte Knights : RHP Chris Worster
|
|
Pitching: RHP Tommy Benedict
|
|
|
Batting: LHB Chaim Huting
|
0-0: Ball 1-0: Ball 2-0: Ball 3-0: Called Strike 3-1: Called Strike 3-2: Foul Ball, location: 2F 3-2: Base on Balls
|
|
Batting: RHB Jason Gee
|
0-0: Ball 1-0: Ball 2-0: Bunted foul 2-1: Sac Bunt to P - play at first, batter OUT! 1-3 Chaim Huting to second
|
|
Batting: RHB Pedro Pinero
|
0-0: Ground out 4-3 (Groundball, 4, EV 98.8 MPH) Chaim Huting to third
|
|
Batting: LHB Tyler Allen
|
0-0: Called Strike 0-1: Ball 1-1: Ball 2-1: Ball 3-1: Ground out 3-1 (Groundball, 34, EV 87.5 MPH)
|
| Top of the 9th over - 0 runs, 0 hits, 0 errors, 1 left on base; Rochester 1 - Charlotte 2 |
|